 Dungeon Crawl Stone Soup version 0.31-a0-1570-g93c622d222 (webtiles) character file.

Game seed: 4133350375978964520

21 innerfire43 the Charlatan (level 2, -1/20 HPs)
             Began as a Demonspawn Wanderer on Jan 3, 2024.
             Killed from afar by an orc wizard (4 damage)
             ... with a magic dart
             ... on level 2 of the Dungeon.
             The game lasted 00:01:30 (698 turns).

innerfire43 the Charlatan (Demonspawn Wanderer)      Turns: 698, Time: 00:01:30

Health: -1/20      AC:  4    Str: 15    XL:     2   Next: 65%
Magic:  5/5        EV: 11    Int: 10    God:
Gold:   13         SH:  0    Dex: 17    Spells: 4/5 levels left

rFire   . . .        a - +0 mace
rCold   . . .        (no shield)
rNeg    . . .        d - +0 leather armour
rPois   .            (no helmet)
rElec   .            (no cloak)
rCorr   .            (no gloves)
SInv    .            k - +0 pair of boots
Will    .....        (no amulet)
Stlth   +            f - +6 ring of dexterity
HPRegen 0.23/turn    (no ring)
MPRegen 0.18/turn

%: no passive effects
@: no status effects
A: magic regeneration
a: no special abilities


You were on level 2 of the Dungeon.
You visited 1 branch of the dungeon, and saw 2 of its levels.

You collected 13 gold pieces.

Inventory:

Hand Weapons
 a - a +0 mace (weapon)
Armour
 d - a +0 leather armour (worn)
 k - a +0 pair of boots (worn)
Jewellery
 f - a +6 ring of dexterity (left hand)
Wands
 b - a wand of polymorph (6)
Scrolls
 c - a scroll of fog
 e - a scroll of revelation {unknown}
 g - 2 scrolls of identify {unknown}
 h - 2 scrolls of vulnerability {unknown}
 i - 2 scrolls of immolation {unknown}
 j - a scroll of teleportation {unknown}


   Skills:
 + Level 0.5 Fighting
 + Level 1.3 Maces & Flails
 + Level 2.1 Spellcasting
 + Level 2.0 Earth Magic
 + Level 1.9 Invocations
 + Level 4.1 Evocations


You had 4 spell levels left.
You knew the following spells:

 Your Spells              Type           Power      Damage    Failure   Level
a - Sandblast             Erth           10%        2d5       17%         1

Your spell library contained the following spells:

 Spells                   Type           Power      Damage    Failure   Level
 Stone Arrow              Conj/Erth      6%         3d7       58%         3
 Brom's Barrelling Bould  Conj/Erth      3%         2d3       94%         4


Dungeon Overview and Level Annotations

Branches:
Dungeon (2/15)

Altars:


Innate Abilities, Weirdness & Mutations

You regenerate magic rapidly.


Message History

a +0 dagger; a stone; a kobold corpse You open the door.
There is an open door here.
An orc wizard comes into view. It is wielding a +0 dagger.
The orc wizard shouts!
You hear a shout! x2
The orc wizard casts a spell.
The orc wizard flickers and vanishes!
Deactivating autopickup; reactivate with Ctrl-A.
A rat comes into view.
A hobgoblin comes into view.
An orc wizard comes into view. It is wielding a +0 dagger.
The orc wizard moves out of view.
An orc comes into view. It is wielding a +0 club.
The rat squeaks loudly.
An endoplasm comes into view.
The endoplasm quivers.
You hit the hobgoblin.
You kill the hobgoblin!
You hear some strange, mumbled words.
You are confused.
You are too confused!
You are too confused!
You are too confused!
A magic dart appears from out of thin air!
The magic dart hits you.
You hear some strange, mumbled words.
Something tries to affect you, but you resist.
The endoplasm freezes you.
You are frozen.
Something hits you.
You closely miss something. The rat bites you.
* * * LOW HITPOINT WARNING * * *
The orc hits you with a +0 club.
* * * LOW HITPOINT WARNING * * *
The endoplasm hits you but does no damage.
Something hits you but does no damage. The endoplasm barely misses you.
The orc barely misses you. The rat bites you but does no damage.
Something completely misses you.
You feel less confused. The orc wizard casts a spell at you.
The magic dart hits you.
You die...

.. #.....##............#
..##.....##............#
.........'..#.)........#
##......####.#........#
#.........#.########.#
.##......##.#........ .#
........###.#########
###.###.###.####### #.
#...J@......# .
#...{.......#
#...oro.....#
...............#
................#
...............##
...............#
.#+###.........+
..........#


You could see an orc wizard, an orc, an endoplasm and a rat.

Vanquished Creatures
  A dart slug (D:1)
  2 ball pythons (D:1)
  2 bats (D:1)
  4 giant cockroaches (D:1)
  A goblin (D:1)
  2 hobgoblins
  3 frilled lizards (D:1)
  A kobold (D:2)
  2 rats (D:1)
18 creatures vanquished.

Notes
Turn   | Place    | Note
-------+----------+-------------------------------------------
     0 | D:1      | innerfire43 the Demonspawn Wanderer began the quest for the
                  | Orb.
     0 | D:1      | innerfire43 set off with the following items: a +0 mace, a
                  | wand of polymorph (6), a scroll of fog, a +0 leather
                  | armour; and the following spell memorised: Sandblast; and
                  | the following spells available to memorise: Stone Arrow,
                  | Brom's Barrelling Boulder.
     0 | D:1      | Reached XP level 1. HP: 13/13 MP: 3/3
   298 | D:1      | Gained mutation: You regenerate magic rapidly. [demonic
                  | ancestry]
   298 | D:1      | Reached XP level 2. HP: 19/20 MP: 5/5
   698 | D:2      | Killed from afar by an orc wizard

Illustrated notes

Levels and vault maps discovered:
D:1:      psy_arrival_dodecagon, layout_loops_ring
D:2:      layout_basic, ebering_ecumenical_altar_hall, uniq_robin

Skill      XL: |  1  2 |
---------------+-------+-----
Earth Magic    | 2 |  2.0
Fighting       | |  0.5
Maces & Flails | |  1.3
Spellcasting   | |  2.1
Invocations    | |  1.9
Evocations     | |  4.1

Action                     || total
---------------------------++-------
  Melee: Mace              ||    54
 Armour: Leather armour    ||    43
  Dodge: Dodged            ||    35

Table legend: (Time is in decaauts)
 A = Elapsed time spent in this place.
 B = Non-inter-level travel time spent in this place.
 C = Inter-level travel time spent in this place.
 D = Time resting spent in this place.
 E = Time spent auto-exploring this place.
 F = Levels seen in this place.
 G = Mean time per level.
                   A        B        C        D        E       F      G
               +--------+--------+--------+--------+--------+-----+--------+
         Total |    715 |    715 |      0 |      0 |    526 |   2 |  357.5 |
       Dungeon |    715 |    715 |      0 |      0 |    526 |   2 |  357.5 |
               +--------+--------+--------+--------+--------+-----+--------+

Top non-repeatable levels by time:
     D:1: 682 daAuts
     D:2: 33 daAuts
